 Dungeon Crawl Stone Soup version 0.24-a0-762-gca426f56c8 (webtiles) character file.

Game seed: 9320236337237299241, levelgen mode: deterministic

18956 Ijustatesigmund the Cleaver (level 12, -3/115 HPs)
             Began as a Hill Orc Fighter on Oct 3, 2019.
             Was a High Priest of Cheibriados.
             Slain by a two-headed ogre
             ... wielding a +0 giant spiked club
              (22 damage)
             ... on level 12 of the Dungeon.
             The game lasted 00:21:53 (11490 turns).

Ijustatesigmund the Cleaver (Hill Orc Fighter)     Turns: 11490, Time: 00:21:54

Health: -3/115     AC: 18    Str: 36    XL:     12   Next: 63%
Magic:  9/19       EV: 11    Int: 21    God:    Cheibriados [*****.]
Gold:   565        SH: 15    Dex: 28    Spells: 11/11 levels left

rFire    + + .     SeeInvis .   l - +8 broad axe of the Kidney {chop, rF+}
rCold    . . .     Gourm    .   c - +1 shield
rNeg     . . .     Faith    .   b - +3 chain mail {rF+}
rPois    .         Spirit   .   r - +0 helmet
rElec    .         Reflect  .   p - +0 cloak {MR+}
rCorr    .         Harm     .   s - +0 pair of gloves
MR       +....                  z - +0 pair of boots
Stlth    ..........             (no amulet)
HPRegen  0.29/turn              y - +5 ring of dexterity
MPRegen  0.16/turn              (no ring)

@: mighty, lethally poisoned (-3 -> -4), very slow
A: no striking features
a: Bend Time, Temporal Distortion, Slouch, Step From Time, Renounce Religion


You were on level 12 of the Dungeon.
You worshipped Cheibriados.
Cheibriados was extremely pleased with you.
You were not hungry.

You visited 2 branches of the dungeon, and saw 13 of its levels.
You also visited: Sewer.

You collected 853 gold pieces.
You spent 288 gold pieces at shops.

Inventory:

Hand Weapons
 a - a +1 war axe of chopping
 l - the +8 broad axe of the Kidney (weapon) {chop, rF+}
   (You bought it in a shop on level 11 of the Dungeon)

   It inflicts extra damage upon your enemies.
   It protects you from fire.
 w - a +4 flail
Missiles
 x - 2 throwing nets (quivered)
Armour
 b - a +3 chain mail of fire resistance (worn)
 c - a +1 shield (worn)
 p - a +0 cloak of magic resistance (worn)
 r - a +0 helmet (worn)
 s - a +0 pair of gloves (worn)
 z - a +0 pair of boots (worn)
Jewellery
 y - a +5 ring of dexterity (left hand)
Wands
 n - a wand of enslavement (7)
 o - a wand of flame (9)
 A - a wand of paralysis (11)
Scrolls
 d - 3 scrolls of enchant weapon
 e - 4 scrolls of teleportation
 g - a scroll of identify
 h - 4 scrolls of magic mapping
 j - 3 scrolls of remove curse
 t - 4 scrolls of blinking
 u - 3 scrolls of fog
Potions
 i - 2 potions of lignification
 m - a potion of resistance
 q - a potion of flight
 v - 3 potions of curing
Comestibles
 f - 14 rations


   Skills:
 * Level 13.2 Fighting
 + Level 14.4 Axes
 - Level 6.8 Armour
 - Level 4.2 Dodging
 - Level 6.6 Shields
 + Level 10.0 Invocations
 + Level 5.1 Evocations


You had 11 spell levels left.
You didn't know any spells.
Your spell library contained the following spells:

 Spells                   Type           Power        Failure   Level  Hunger
 Corona                   Hex            #......      88%         1    ##.....
 Summon Small Mammal      Summ           #...         88%         1    ##.....
 Call Imp                 Summ           #.......     95%         2    ###....
 Slow                     Hex            #.......     95%         2    ###....
 Call Canine Familiar     Summ           #.......     99%         3    ####...
 Inner Flame              Hex/Fire       #.......     99%         3    ####...
 Portal Projectile        Hex/Tloc       #.....       99%         3    ####...
 Summon Guardian Golem    Hex/Summ       #.......     99%         3    ####...
 Cause Fear               Hex            #.........   100%        4    #####..
 Leda's Liquefaction      Hex/Erth       #.........   100%        4    #####..
 Summon Ice Beast         Ice/Summ       #.......     100%        4    #####..
 Summon Lightning Spire   Summ/Air       #.......     100%        4    #####..


Dungeon Overview and Level Annotations

Branches:
Dungeon (12/15)            Temple (1/1) D:5            Lair (0/6) D:8
    Orc (0/2) D:9           Sewer (visited)

Altars:
Ashenzari
Cheibriados
Dithmenos
Elyvilon
Fedhas
Gozag
Hepliaklqana
Kikubaaqudgha
Makhleb
Nemelex Xobeh
Okawaru
Qazlal
Ru
Sif Muna
Trog
Uskayaw
Vehumet
Wu Jian
Xom
Yredelemnul
Zin
The Shining One

Shops:
D:4 (   D:11 (   D:12 *

Annotations:
D:12 exclusion: obsidian statue, endorz's ghost, journeyman MiBe


Message History

Cheibriados lowers the support of your attributes as your movement quickens.
Endorz's ghost hits you but does no damage.
You are poisoned.
The fire giant casts a spell at you. The bolt of fire hits you! You resist.
* * * LOW HITPOINT WARNING * * *
You slice the fire giant!!
You kill the fire giant!
Cheibriados appreciates the change of pace.
Your Invocations skill increases to level 10!
Your Evocations skill increases to level 5!
You slice endorz's ghost!!
You feel sick.
Endorz's ghost hits you but does no damage.
You slash the two-headed ogre!
The two-headed ogre is almost dead.
You barely miss endorz's ghost.
You feel sick. Endorz's ghost hits you!
* * * LOW HITPOINT WARNING * * *
You block the two-headed ogre's attack.
The two-headed ogre hits you with a +0 giant club!!
You die...

#........#....#.......#........
#........#....#######.#........
#........#...##.8∩8.###.......)
#........+...#..$$.$∩##........
#........#...#8$.8.$8##########
#........#...#.$$_$§.#######...
#..#####.######H$.§§###....#...
#........#....##''§##.'....#...
#........#....@W4.....#....'...
#........'....#O......#....#...
#........#....#########....#...
#........#....##...........#...
#........#....##...........#...
#........#....##.....####'##...
#..#.....#######.....#......###
#..#.....#######.....#......#
#..#.....#...........#......#


You could see an obsidian statue, a two-headed ogre, a manticore, a rust devil
and endorz's ghost.

Vanquished Creatures
  A fire giant (D:12)
  A hydra (D:11)
  3 two-headed ogres
  The ghost of Freitmort the Thaumaturge, a journeyman DEFE of Vehumet (D:10)
  An ugly thing (D:11)
  Pikel (D:4)
  A deep elf mage (D:11)
  3 cyclopes
  3 kobold demonologists (D:10)
  A komodo dragon (D:11)
  3 trolls
  Sigmund (D:2)
  A meliai zombie (D:11)
  2 wyverns
  Eustachio (D:6)
  10 yaks
  A wraith (D:12)
  A warg (D:9)
  5 hungry ghosts
  Menkaure (D:6)
  Duvessa (D:6)
  4 orc warriors
  2 ice beasts
  6 sky beasts
  4 black bears
  2 necrophages (D:9)
  5 ogres
  4 phantoms
  6 centaurs
  10 big kobolds (D:10)
  5 bullfrogs
  A wyvern zombie (D:11)
  A water moccasin skeleton (D:6)
  Dowan (D:6)
  5 scorpions
  11 wights
  6 crimson imps
  A bullfrog zombie (D:6)
  A quasit (D:12)
  8 hounds
  9 orc priests
  3 jellies
  Crazy Yiuf (D:4)
  4 bullfrog skeletons
  3 centaur zombies
  14 orc wizards
  2 centaur skeletons
  Jessica (D:2)
  2 iguanas
  Ijyb (D:5)
  Natasha (D:4)
  5 worker ants
  A killer bee zombie (D:5)
  A hound skeleton (D:7)
  2 worker ant zombies
  3 gnolls (D:6)
  10 adders
  A howler monkey skeleton (D:6)
  6 river rats
  2 shadow imps
  An ooze (D:2)
  3 adder skeletons
  4 worms
  5 leopard geckos
  61 orcs
  4 ball pythons
  3 giant cockroaches
  5 goblins
  7 hobgoblins
  14 jackals
  2 quokkas
  5 bats
  14 frilled lizards
  3 kobolds
  A leopard gecko skeleton (D:4)
  A leopard gecko zombie (D:6)
  A quokka skeleton (D:4)
  A quokka zombie (D:5)
  12 rats
345 creatures vanquished.

Vanquished Creatures (others)
  An adder (D:4)
1 creature vanquished.

Grand Total: 346 creatures vanquished

Notes
Turn   | Place    | Note
-------+----------+-------------------------------------------
     0 | D:1      | Ijustatesigmund the Hill Orc Fighter began the quest for
                  | the Orb.
     0 | D:1      | Reached XP level 1. HP: 19/19 MP: 1/1
   309 | D:1      | Reached skill level 3 in Axes
   655 | D:2      | Reached XP level 2. HP: 18/27 MP: 2/2
   888 | D:2      | Noticed Jessica
   890 | D:2      | Reached skill level 4 in Axes
   895 | D:2      | Killed Jessica
   895 | D:2      | Reached XP level 3. HP: 34/34 MP: 3/3
  1056 | D:2      | Reached XP level 4. HP: 41/41 MP: 4/4
  1108 | D:2      | Reached skill level 5 in Axes
  1112 | D:2      | Found a glowing golden altar of the Shining One.
  1292 | D:2      | Noticed Sigmund
  1298 | D:2      | Killed Sigmund
  1298 | D:2      | Reached skill level 5 in Fighting
  1298 | D:2      | Reached skill level 6 in Axes
  1298 | D:2      | Reached XP level 5. HP: 48/48 MP: 5/5
  1298 | D:2      | Reached XP level 6. HP: 56/56 MP: 6/6
  1417 | D:3      | Reached skill level 7 in Axes
  1583 | D:3      | Found a stormy altar of Qazlal.
  1627 | D:3      | Found an ancient bone altar of Kikubaaqudgha.
  2006 | D:4      | Found Weihubio's Weapon Boutique.
  2251 | D:4      | Noticed Pikel
  2251 | D:4      | Noticed a slave
  2251 | D:4      | Noticed a slave
  2251 | D:4      | Noticed a slave
  2252 | D:4      | Noticed a slave
  2269 | D:4      | Killed Pikel
  2269 | D:4      | Reached skill level 9 in Axes
  2269 | D:4      | Reached XP level 7. HP: 26/64 MP: 7/7
  2275 | D:4      | Found a radiant altar of Vehumet.
  2655 | D:4      | Noticed Natasha
  2670 | D:4      | Killed Natasha
  2862 | D:4      | Found a runed translucent door.
  2863 | D:4      | Noticed Crazy Yiuf
  3017 | D:4      | Killed Crazy Yiuf
  3204 | D:5      | Entered Level 5 of the Dungeon
  3215 | D:5      | Reached XP level 8. HP: 73/73 MP: 8/8
  3462 | D:5      | Reached skill level 10 in Axes
  3597 | D:5      | Noticed Ijyb
  3611 | D:5      | Killed Ijyb
  3810 | D:5      | Found a staircase to the Ecumenical Temple.
  3823 | Temple   | Entered the Ecumenical Temple
  4117 | D:5      | Found an ornate altar of the Wu Jian Council.
  4396 | D:6      | Noticed Eustachio
  4418 | D:6      | Killed Eustachio
  4418 | D:6      | Reached skill level 11 in Axes
  4428 | D:6      | Found a burning altar of Makhleb.
  4568 | D:6      | Found a snail-covered altar of Cheibriados.
  4660 | D:6      | Reached skill level 1 in Dodging
  4660 | D:6      | Reached XP level 9. HP: 79/82 MP: 9/9
  4760 | D:6      | Noticed Menkaure
  4775 | D:6      | Killed Menkaure
  4777 | D:6      | Found a glowing drain.
  4786 | Sewer    | Entered a sewer
  5854 | D:7      | Found a shadowy altar of Dithmenos.
  6151 | D:6      | Noticed Dowan
  6154 | D:6      | Noticed Duvessa
  6166 | D:6      | Killed Dowan
  6166 | D:6      | Reached skill level 12 in Axes
  6176 | D:6      | Killed Duvessa
  6176 | D:6      | Reached skill level 5 in Armour
  6180 | D:6      | Became a worshipper of Cheibriados the Contemplative
  6352 | D:8      | Found a hide-covered altar of Uskayaw.
  6377 | D:8      | Reached skill level 5 in Shields
  6377 | D:8      | Reached skill level 1 in Invocations
  6417 | D:8      | Found a staircase to the Lair.
  6470 | D:8      | Reached XP level 10. HP: 91/91 MP: 10/12
  6490 | D:8      | Reached * piety under Cheibriados
  7468 | D:9      | Reached ** piety under Cheibriados
  7469 | D:9      | Reached skill level 5 in Invocations
  7570 | D:9      | Found a staircase to the Orcish Mines.
  8015 | D:9      | Reached *** piety under Cheibriados
  8247 | D:10     | Entered Level 10 of the Dungeon
  8331 | D:10     | Reached skill level 10 in Fighting
  8587 | D:10     | Reached XP level 11. HP: 95/98 MP: 16/16
  8668 | D:10     | Reached **** piety under Cheibriados
  8678 | D:10     | Found a runed translucent gate.
  8678 | D:10     | Found a runed translucent gate.
  8685 | D:10     | Noticed Freitmort's ghost (journeyman DEFE)
  8686 | D:10     | Found a runed translucent gate.
  8959 | D:11     | Noticed a cyclops
  8963 | D:11     | Reached skill level 13 in Axes
  8968 | D:11     | Killed a cyclops
  9215 | D:11     | Reached skill level 1 in Evocations
  9402 | D:11     | Noticed a two-headed ogre
  9403 | D:11     | Noticed a deep elf mage
  9413 | D:11     | Killed a two-headed ogre
  9418 | D:11     | Killed a deep elf mage
  9777 | D:11     | Noticed a cyclops
  9790 | D:11     | Killed a cyclops
  9819 | D:11     | Noticed a two-headed ogre
  9819 | D:11     | Noticed a six-headed hydra
  9835 | D:11     | Killed a two-headed ogre
  9940 | D:11     | Noticed a green ugly thing
 10026 | D:11     | Killed a six-headed hydra
 10259 | D:11     | Found Vywuoss's Antique Weapon Shoppe.
 10275 | D:11     | Bought a transparent broad axe for 288 gold pieces
 10275 | D:11     | Identified the +8 broad axe of the Kidney {chop, rF+} (You
                  | bought it in a shop on level 11 of the Dungeon)
 10405 | D:12     | Reached XP level 12. HP: 107/112 MP: 18/18
 10424 | D:12     | Reached ***** piety under Cheibriados
 10796 | D:12     | Noticed a two-headed ogre
 10800 | D:12     | Killed a two-headed ogre
 10813 | D:12     | Found a runed translucent gate.
 10814 | D:12     | Found a runed translucent gate.
 10814 | D:12     | Found an opulent altar of Gozag.
 10815 | D:12     | Found a runed translucent gate.
 10816 | D:12     | Noticed a fire giant
 10817 | D:12     | Found Mofoh's Assorted Antiques.
 10817 | D:12     | Noticed endorz's ghost (journeyman MiBe)
 10817 | D:12     | Noticed a two-headed ogre
 10858 | D:12     | Reached skill level 14 in Axes
 11168 | D:10     | Killed Freitmort's ghost
 11481 | D:12     | Noticed a sun demon
 11489 | D:12     | Killed a fire giant
 11489 | D:12     | Reached skill level 10 in Invocations
 11489 | D:12     | Reached skill level 5 in Evocations
 11490 | D:12     | Slain by a two-headed ogre

Levels and vault maps discovered:
D:1:      dpeg_arrival_rooms_c, layout_basic, st_stairs_13
D:2:      layout_basic, lemuel_round_altar, uniq_sigmund, uniq_jessica
D:3:      layout_rooms, nicolae_qazlal_eye_of_the_storm, marbit_many_paths,
          grunt_ministairs_10
D:4:      layout_basic, lemuel_crystal_altar, first_ration, serial_shops,
          nicolae_shop_waterfront, serial_bayou_ford_a,
          chequers_decorated_corner, uniq_pikel, uniq_natasha,
          uniq_crazy_yiuf_cottage
D:5:      layout_basic, old_standard_altar, minmay_temple_entry_sparse_star,
          uniq_ijyb
D:6:      minmay_evil_eye, layout_loops_cross, cheibriados_altar_1, basic_altar,
          gup_sewer_entry_bowl, uniq_menkaure, uniq_eustachio, uniq_duvessa
D:7:      layout_basic, old_standard_altar, grunt_ogre_cave
D:8:      layout_loops_cross, kennysheep_little_box, dpeg_oklobed_lair
D:9:      layout_irregular_city, erik_orc_3
D:10:     layout_roguey, gammafunk_ghost_nasty_kobolds
D:11:     layout_basic, serial_shops, nicolae_shop_crystal,
          grunt_decor_mini_mirrors
D:12:     layout_stronghold, ebering_ghost_gozag
Temple:   minmay_temple_curvy_branch

Skill      XL: |  1  2  3  4  5  6  7  8  9 10 11 12 |
---------------+-------------------------------------+-----
Axes           | 3 4 6 9 11 12 13 14 | 14.4
Fighting       | 4 5 6 7 8 9 10 11 13 | 13.2
Dodging        | 1 2 4 |  4.2
Armour         | 5 6 |  6.8
Shields        | 5 6 |  6.6
Invocations    | 2 6 8 10 | 10.0
Evocations     | 3 5 |  5.1

Action                   |  1- 3 |  4- 6 |  7- 9 | 10-12 || total
-------------------------+-------+-------+-------+-------++-------
Melee: War axe           |    53 |   116 |   376 |   382 ||   927
       Flail             |       |       |       |    12 ||    12
       Broad axe         |       |       |       |   111 ||   111
Invok: Slouch            |       |       |       |     3 ||     3
       Bend Time         |       |       |       |     1 ||     1
Evoke: Wand              |       |       |       |     4 ||     4
  Use: Scroll            |     3 |     5 |     7 |     3 ||    18
       Potion            |       |     1 |     3 |     7 ||    11
 Stab: Distracted        |       |       |     1 |       ||     1
  Eat: Chunk             |       |     4 |    14 |    10 ||    28
       Ration            |       |       |       |     5 ||     5
Armor: Scale mail        |    13 |       |       |       ||    13
       Plate armour      |    17 |    65 |    20 |       ||   102
       Chain mail        |       |       |   128 |   174 ||   302
Dodge: Dodged            |    12 |    22 |    59 |   145 ||   238
Block: Shield            |    23 |    66 |   165 |   309 ||   563

Table legend:
 A = Non-vault XP
 B = Vault XP
 C = Vault XP percentage of total XP
 D = Non-vault monster count
 E = Vault monster count
 F = Vault count percentage of total count
                 A         B        C        D         E       F
            +---------+---------+-------+---------+---------+-------
      Total |   19692 |    7389 |  27.3 |     258 |      87 |  25.2
            +---------+---------+-------+---------+---------+-------
        D:1 |       7 |       1 |  12.5 |       5 |       1 |  16.7
        D:2 |      57 |     283 |  83.2 |      17 |       2 |  10.5
        D:3 |      77 |      11 |  12.5 |      19 |       6 |  24.0
        D:4 |      61 |     683 |  91.8 |       6 |       3 |  33.3
        D:5 |     506 |      36 |   6.6 |      16 |       1 |   5.9
        D:6 |     570 |     774 |  57.6 |      21 |      11 |  34.4
        D:7 |     648 |     112 |  14.7 |      14 |       1 |   6.7
        D:8 |    2054 |       0 |   0.0 |      39 |       0 |   0.0
        D:9 |    1756 |     422 |  19.4 |      26 |      20 |  43.5
       D:10 |    1865 |    2939 |  61.2 |      31 |      14 |  31.1
       D:11 |    8450 |       0 |   0.0 |      46 |       0 |   0.0
       D:12 |    3641 |    2029 |  35.8 |      18 |       2 |  10.0
      Sewer |       0 |      99 | 100.0 |       0 |      26 | 100.0
            +---------+---------+-------+---------+---------+-------
